Cogmind - Beta 17 @@@ ROGUE MODE // 2026.07.12 @ 03:28:24 Player: Smol John Result: Destroyed by D-53 Grenadier with Mini Grenade Launcher Performance ------------- Evolutions (0) 0 Regions Visited (2) 400 Robots Destroyed (6) 30 Value Destroyed (157) 157 Prototype IDs (1) 20 Alien Tech Used (0) 0 Bonus (0) 0 TOTAL SCORE: 607 Bonus ------- None Cogmind --------- Core Integrity 0/250 Matter 187/300 Energy 99/100 System Corruption 0% Temperature Cool (0) Movement Core (100) Ox1 Location -10/Mines Parts ------- > --- POWER (1) -------- (None) > --- PROPULSION (2) --- (None) > --- UTILITY (2) ------ Small Storage Unit > --- WEAPON (2) ------- (None) > --- INVENTORY (8) ---- Light Ion Engine Aluminum Leg Aluminum Leg Improved Aluminum Leg Improved Aluminum Leg Compact Wheel Experimental Sensor Array Peak State ------------ > --- POWER ------------ Ion Engine > --- PROPULSION ------- Improved Aluminum Leg Improved Aluminum Leg > --- UTILITY ---------- Small Storage Unit Experimental Sensor Array > --- WEAPON ----------- Light EM Pulse Cannon Assault Rifle > --- INVENTORY -------- Light Ion Engine Aluminum Leg Aluminum Leg Improved Aluminum Leg Improved Aluminum Leg Compact Wheel Core Shielding Light EM Pulse Cannon [Rating: 19] Favorites ----------- Power Ion Engine Engine Ion Engine Propulsion Improved Aluminum Leg Leg Improved Aluminum Leg Wheel Wheel Utility Small Storage Unit Device Experimental Sensor Array Storage Small Storage Unit Protection Core Shielding Weapon Assault Rifle Energy Cannon Light EM Pulse Cannon Ballistic Gun Assault Rifle Build | -11 -10 -10 ------- Run | Yrd Mat Min Slots Evolved . | . . . Power . | . . . Propulsion . | . . . Utility . | . . . Weapon . | . . . Parts Attached 14 | 7 4 3 Power 1 | 1 . . Engine 1 | 1 . . Core . | . . . Reactor . | . . . Propulsion 5 | 3 2 . Treads . | . . . Leg 4 | 2 2 . Wheel 1 | 1 . . Hover . | . . . Flight . | . . . Utility 3 | 1 1 1 Device 1 | . . 1 Storage 1 | 1 . . Processor . | . . . Hackware . | . . . Protection 1 | . 1 . Artifact . | . . . Weapon 5 | 2 1 2 Energy Gun . | . . . Energy Cannon 3 | . 1 2 Ballistic Gun 2 | 2 . . Ballistic Cannon . | . . . Launcher . | . . . Special Weapon . | . . . Impact Weapon . | . . . Slashing Weapon . | . . . Piercing Weapon . | . . . Special Melee Weapon . | . . . Unidentified Prototypes 1 | . . 1 Parts Lost 8 | . . 8 Power 1 | . . 1 Propulsion 2 | . . 2 Utility 1 | . . 1 Weapon 4 | . . 4 Highest Loss Streak 7 | . . 7 To Critical Strikes . | . . . Average Backups 6 | 2 6 7 Power . | . 1 1 Propulsion 4 | 1 3 5 Utility . | . . . Weapon 1 | . 1 1 Tool/Special . | . . . Unused Backups 8 | . 4 4 Power 1 | . . 1 Propulsion 6 | . 3 3 Utility . | . . . Weapon 1 | . 1 . Tool/Special . | . . . Average Slot Usage (%) 93 | . 90 95 Engine 14 | . 14 14 Leg 27 | . 28 27 Storage 14 | . 14 14 Protection 9 | . 4 12 Energy Cannon 9 | . 6 12 Ballistic Gun 16 | . 21 12 Peak Build Rating 19 | 6 11 19 Average Rating 9 | 4 8 11 On Entrance 5 | . 6 11 Avg Prop Armor Cover (%) 10 | 10 . 10 Naked Turns . | . . . Heaviest Build 19 | 13 17 19 Greatest Support 26 | 20 26 26 Greatest Overweight (x) 3 | 2 . 3 Average Overweight (x) . | . . . Largest Inventory Capacity 8 | 8 8 8 Average Capacity 7 | 7 8 8 Most Carried 8 | 5 8 8 Average Carried 6 | 3 6 7 Final Capacity 8 | 8 8 8 Final Carried 8 | 4 8 7 Class Distribution -------------------- 100% | Mutant Dominant Class ---------------- Mutant | -10/Materials Mutant | -10/Mines Resources | -11 -10 -10 ----------- Run | Yrd Mat Min Matter Collected 312 | 160 60 92 Remotely . | . . . Salvage Created 205 | . 113 92 Parts 11 | . 5 6 Haulers Intercepted . | . . . Recyclers Shooed . | . . . Parts Field Recycled . | . . . Retrieved Matter . | . . . Parts Self-Destructed . | . . . Prevented . | . . . Parts Restored . | . . . Kills | -11 -10 -10 ------- Run | Yrd Mat Min Combat Hostiles Destroyed 8 | . 2 6 Melee 1 | . . 1 Guns 5 | . 2 3 Cannons 2 | . . 2 Classes Destroyed 4 | . 2 2 Watcher 1 | . 1 . Swarmer 3 | . . 3 Grunt 2 | . 2 . Assembled 3 | . . 3 Best Kill Streak 3 | . 1 3 Combat Bots Only 3 | . 1 3 Max Kills in Single Turn 1 | . 1 1 Gunslinging . | . . . Exploded . | . . . Melee 1 | . . 1 Uniques/NPCs Destroyed . | . . . Combat | -11 -10 -10 -------- Run | Yrd Mat Min Hostile Shots Fired 76 | . 14 62 Missed 18 | . 4 14 Hits 58 | . 10 48 Melee 5 | . . 5 Projectile 53 | . 10 43 AOE 6 | . . 6 Part Disruptions 2 | . . 2 Damage Taken 1008 | . 125 883 Core 269 | . 15 254 Absorbed by Shields . | . . . Redirected to Shielding 51 | . . 51 Core Remaining (%) 100 | 100 . . Volleys Fired 38 | . 12 26 Largest 2 | . 2 2 Hottest 112 | . 76 112 Shots Fired 62 | . 24 38 Gun 42 | . 21 21 Cannon 20 | . 3 17 Launcher . | . . . Special . | . . . Kinetic 42 | . 21 21 Thermal . | . . . Explosive . | . . . Electromagnetic 20 | . 3 17 Robot Hit Streak 4 | . 4 4 Robot Miss Streak 4 | . 2 4 Penetration Max . | . . . Secondary Targets . | . . . Shots Hit Robots 32 | . 14 18 Core Hits 17 | . 6 11 Critical Kills . | . . . Critical Parts Destroyed . | . . . Critical Strikes . | . . . Melee Attacks . | . . . Impact . | . . . Slashing . | . . . Piercing . | . . . Sneak Attacks . | . . . Combat Hostiles . | . . . Follow-up Attacks . | . . . Damage Inflicted 491 | . 224 267 Guns 254 | . 125 129 Cannons 212 | . 78 134 Explosions 21 | . 21 . Melee . | . . . Ramming 4 | . . 4 Kinetic 254 | . 125 129 Thermal 21 | . 21 . Explosive . | . . . Electromagnetic 212 | . 78 134 Impact . | . . . Slashing . | . . . Piercing . | . . . Highest Corruption . | . . . Average Corruption . | . . . Corruption Purged . | . . . Corruption Blocked . | . . . Overload Shots . | . . . Overflow Damage 12 | . 10 2 Projectiles 12 | . 10 2 Explosions . | . . . Melee . | . . . Knockbacks . | . . . Impact . | . . . Kinetic . | . . . Secondary . | . . . Self-Inflicted Damage . | . . . Shots . | . . . Rammed . | . . . Targets Rammed 2 | . . 2 Kicked 2 | . . 2 Crushed . | . . . Highest Temperature 153 | . 30 153 Average Temperature 38 | . 11 47 Received Heat Transfer 172 | . 72 100 Siege Activations . | . . . Martial Activations . | . . . Shielding Activations . | . . . Robots Disrupted . | . . . Combat Hostiles . | . . . Robots Corrupted . | . . . Combat Hostiles . | . . . Parts Fried . | . . . Impact Corruptions . | . . . Robots Melted . | . . . Combat Hostiles . | . . . Parts Melted . | . . . Heat Transferred 50 | . 50 . Parts Sabotaged . | . . . Parts Stolen . | . . . Parts Stripped . | . . . Power Chain Reactions 1 | . 1 . Alert | -11 -10 -10 ------- Run | Yrd Mat Min Maximum Alert Level . | . . . Low Security (%) 100 | 100 100 100 Level 1 . | . . . Level 2 . | . . . Level 3 . | . . . Level 4 . | . . . Level 5 . | . . . High Security . | . . . Max Security . | . . . Peak Influence 105 | . 40 105 Initial 2 | . . 2 Average 23 | . 12 38 Influence Increases 202 | . 87 115 Destroy 0b10 Robot/C 100 | . 40 60 Destroy 0b10 Robot/NC 5 | . 5 . Destroy Leader 22 | . 12 10 Disable Machine 45 | . 15 30 Partial Spotted 15 | . 15 . Lose Combat Pursuer 15 | . . 15 Influence Decreases 202 | . 80 122 Entered New Map 5 | . . 5 Time Decay 187 | . 80 107 Lost Part 10 | . . 10 Squads Dispatched . | . . . Investigation . | . . . Extermination . | . . . Reinforcement . | . . . Assault . | . . . Garrison . | . . . Intercept . | . . . Searches Triggered . | . . . Construction Impeded . | . . . Haulers Reinforced . | . . . Active Scanning Responses . | . . . Cargo Convoy Interrupts . | . . . Stealth | -11 -10 -10 --------- Run | Yrd Mat Min Distress Signals . | . . . Communications Jammed . | . . . Distress Signals . | . . . Times Spotted 23 | . 4 19 Peak Tracking Total 19 | . 2 19 Tactical Retreats 5 | . . 5 Traps | -11 -10 -10 ------- Run | Yrd Mat Min Traps Triggered . | . . . Indirectly . | . . . Trap Hack Attempts . | . . . Triggered . | . . . Disarmed . | . . . Reprogrammed . | . . . Reused . | . . . Traps Extracted . | . . . Installed . | . . . Triggered . | . . . Machines | -11 -10 -10 ---------- Run | Yrd Mat Min Machines Disabled 3 | . 1 2 Max in Single Turn 1 | . 1 1 Machines Repaired . | . . . Machines Dismantled . | . . . Machines Sabotaged . | . . . Overloaded Fab Kills . | . . . Hacking | -11 -10 -10 --------- Run | Yrd Mat Min Machines Accessed 2 | . 2 . Terminals 2 | . 2 . Fabricators . | . . . Repair Stations . | . . . Recycling Units . | . . . Scanalyzers . | . . . Garrison Access . | . . . Total Hacks 6 | . 6 . Successful . | . . . Failed 6 | . 6 . Catastrophic 2 | . 2 . Database Lockouts . | . . . Manual 6 | . 6 . Terminals 6 | . 6 . Fabricators . | . . . Repair Stations . | . . . Recycling Units . | . . . Scanalyzers . | . . . Garrison Access . | . . . Terminal Hacks . | . . . Fabricator Hacks . | . . . Repair Station Hacks . | . . . Recycling Unit Hacks . | . . . Scanalyzer . | . . . Garrison Access Hacks . | . . . Unauthorized Hacks . | . . . Terminals . | . . . Fabricators . | . . . Repair Stations . | . . . Recycling Units . | . . . Scanalyzers . | . . . Garrison Access . | . . . Data Cores Recovered . | . . . Used . | . . . Hacking Detections 2 | . 2 . Full Trace Events . | . . . Feedback Events . | . . . Feedback Blocked . | . . . Robot Schematics Acquired . | . . . Robots Built . | . . . Authchips . | . . . Time . | . . . Total Robot Build Rating . | . . . Part Schematics Acquired . | . . . Parts Built . | . . . Authchips . | . . . Time . | . . . Total Part Build Rating . | . . . Part Studies Acquired . | . . . Parts Repaired . | . . . Time . | . . . Parts Recycled . | . . . Recycled Matter . | . . . Retrieved Matter . | . . . Retrieved Components . | . . . Parts Scanalyzed . | . . . Part Schematics Acquired . | . . . Parts Damaged . | . . . Bothacking | -11 -10 -10 ------------ Run | Yrd Mat Min Used RIF Installer . | . . . Robots Hacked . | . . . Non-combat . | . . . Combat . | . . . Robot Hacks Applied . | . . . Relay Couplers Released . | . . . Fabnet Peak Effective % . | . . . Robots Rewired . | . . . Allies Hacked . | . . . Hacks Repelled . | . . . Allies | -11 -10 -10 -------- Run | Yrd Mat Min Total Allies . | . . . Largest Group . | . . . Highest-Rated Group . | . . . Highest-Rated Ally . | . . . Total Orders . | . . . Ally Attacks . | . . . Total Damage . | . . . Kills . | . . . Allies Corrupted . | . . . Allies Melted . | . . . Intel | -11 -10 -10 ------- Run | Yrd Mat Min Active Infowar (turns) 33 | . . 33 Sensors 33 | . . 33 Robot Analysis Total . | . . . Derelict Logs Recovered . | . . . Drone Launches . | . . . Drone Recoveries . | . . . Exploration | -11 -10 -10 ------------- Run | Yrd Mat Min Turns Passed 602 | 70 236 296 Spaces Moved 370 | 48 152 170 Core 13 | 10 . 3 Treads . | . . . Legs 357 | 38 152 167 Wheels . | . . . Hover . | . . . Flight . | . . . Fastest Speed 50 | 50 120 100 Average Speed 119 | 114 120 120 Slowest Speed 200 | 190 120 200 Overloaded Moves . | . . . Propulsion Burnouts . | . . . Robots Hopped . | . . . Potential Cave-ins . | . . . Cave-ins Triggered . | . . . Exploration Rate (%) 22 | 4 29 34 Regions Visited 2 Branch Regions 1 Pre-discovered Areas . | . . . Known Exits Taken . | . . . Unknown Exits Taken 2 | 1 1 . Scrap Searched 1 | . . 1 Spaces Dug . | . . . Terrain Destroyed . | . . . Melee . | . . . Projectile . | . . . AOE . | . . . Terrain Rammed . | . . . Walls Destroyed . | . . . Machines Disabled . | . . . Actions | -11 -10 -10 --------- Run | Yrd Mat Min Total 468 | 60 186 222 Wait 26 | . 8 18 Move 368 | 47 151 170 Hop . | . . . Pick Up 11 | 4 6 1 Fast Attach 9 | 7 2 . Attach 2 | . . 2 Detach 1 | 1 . . Swap 5 | . 2 3 Drop 6 | 1 5 . Fire 38 | . 12 26 Melee . | . . . Ram . | . . . Kick 2 | . . 2 Crush . | . . . Escape Stasis . | . . . Rewire . | . . . Trap . | . . . Miscellaneous . | . . . Route ------- -11/Scrapyard -10/Materials (discovered 2 exits: [*Mat] / [*Min]) -10/Mines History --------- Turn | Location | Event 18 | -11/Scrapyard | Discovered new exit (range 15) 71 | -11/Scrapyard | Entered Materials 275 | -10/Materials | Discovered new exit (range 3) 289 | -10/Materials | Discovered new exit (range 15) 302 | -10/Materials | Build established: Mutant 307 | -10/Materials | Entered Mines 423 | -10/Mines | Assembled infested the area 517 | -10/Mines | Found a damaged Exp. Sensor Array with a note attached 519 | -10/Mines | Found Prototype Device 520 | -10/Mines | Identified Exp. Sensor Array 600 | -10/Mines | Core integrity fell below 50% 603 | -10/Mines | Destroyed by D-53 Grenadier with Mini Grenade Launcher Last Messages --------------- areas until they're on top of us... With this we can! Deliver it to Megawrench for repairs then we'll never be afraid of an ambush while sneaking around Materials again, ha." 00519_ Acquired Prototype Device. 00520_ Identified Exp. Sensor Array. 00522_ T-07 Excavator is excavating. 00576_ Lgt. EM Pulse Cannon destroyed. 00577_ Kicked as-87290 out of the way. 00577_ as-87290 destroyed. 00578_ Acquired 13 matter. 00589_ Assault Rifle destroyed. 00591_ Kicked as-16283 out of the way. 00599_ Imp. Aluminum Leg destroyed. 00599_ U-05 Engineer lays Concrete. 00599_ Imp. Aluminum Leg destroyed. 00599_ U-05 Engineer destroyed. 00601_ Ion Engine destroyed. 00601_ as-16283 destroyed. 00603_ Core Shielding destroyed. Map ----- +----------------------------------------------------+ | ?????????????????????????????????????????????????? | | ?????????????????????????????????????????????????? | | ?????????????????????????????????????????????????? | | ?????????????????????????????????????????????????? | | ?????????????????????????????????????????????????? | | ?????????????????????????????????????????????????? | | ?????????????????????????????????????????????????? | | ??????????###????????????????????????????????????? | | ?????????## ##???????????????????????????????????? | | ???####### #???????????????????????????????????? | | ??## #???????????????????????????????????? | | ??# ### #???????????????????????????????? | | ?## #???????????????????????????????? | | ?# #???????????????????????????????? | | ?# #### #???????????????????????????????? | | ?# ##?????#???????????????????????????????? | | ?# #??????????????????????????????????????? | | ?# ##??????????????????????????????????????? | | ## ###???????????????????????????????????????? | | # ##??????????#??????????????????????????????? | | # ##???????????# ?????????????????????????????? | | # ##????????????# ???###??????????????????????? | | # #######????????# ### ####???????????????????? | | #???# ## ###?????????????????? | | #???? ##????????????????? | | ##### #?????? """ @ #????????????????? | | ##???# #?????? """ #####????????????? | | ###????# #??????? """ d* #????????????? | | ???????# #???????# d!|#????????????? | | ???????# #???????###### ### #????????????? | | ???????# #????????????## #?# #????????????? | | ???????# #?????????????### # #?# ##### # | | ######## ######??????????#### ###?# # | | #?????????????# #???####### # | | """ """ """ #?????######### #??????????????????? | | """ """ """ #?????# #??????????????????? | | """ """ """ #?????# ####### #??????????????????? | | == #?????# #???### #??????????????????? | | """ "%[ "" #?????# #???# #??????????????????? | | """ ""= """ #?????# #???# #####??####??????????? | | ?""" "" """ #?????# #???# ### #### ##?????????? | | =#?????# #???# ## ## ##????????? | | """ """ """ ####### #???# ##???????? | | """ """ """ [ #???#### #???????? | | ?""" """ """ #########??????# #???????? | | ?? #?????????????# #???????? | | ??""?""" """ #?????????????# #???????? | | ?""??""" """ #?????????????## ##???????? | | ??????"" """ #??????????????# #######????????? | | ?????? #??????????????# ##??????????????? | +----------------------------------------------------+ Best States ------------- Heat Dissipation 25 Energy Generation 10 Energy Capacity 250 Matter Stores 230 Matter Capacity 300 Sight Range 16 Robot Scan Range 20 Terrain Scan Density 10 Core Shielding 20 Evasion (%) 55 Item Schematics ----------------- None Robot Schematics ------------------ None Fabricated ------------ Nothing Repaired ---------- Nothing Studied --------- None Alien Tech Used ----------------- None Achievements -------------- None Challenges ------------ None Game ------ Seed ThrusterWeaponChainsword Manual? 0 Play Time 00:08:20 Cumulative 30.0 hours Start 2026.07.12 @ 03:22:48 End 2026.07.12 @ 03:28:24 Sessions 1 Manual Loads 0 Difficulty Rogue Special Mode None Game No. 46 Rogue 46 Adventurer 0 Explorer 0 Win Type - Total 0 Types 0/0/0/0/0/0/0/0/0/0 Lore% 28 Gallery% 28 Achievement% 21 Wizard Run 0 Options --------- Layout 1 ASCII 0 Keyboard 0 Movement Mouse Keybinds 0 Fullscreen 1 Font 20/SmallcapsGlow Map View 50x35 Zoom Use 0% Tactical HUD 1 Map Filters NONE Filters NONE Steam 1 RUN: b3473b38-9f4c-4fbe-9774-8bd26e65cb46